 Dungeon Crawl Stone Soup version 0.28.0 (webtiles) character file.

Game seed: 3721607800888305924

74 Descartes the Ruffian (level 4, -6/42 HPs)
             Began as a Troll Warper on Feb 12, 2022.
             Was an Initiate of Yredelemnul.
             Mangled by a gnoll (8 damage)
             ... on level 3 of the Dungeon.
             The game lasted 00:02:58 (1360 turns).

Descartes the Ruffian (Troll Warper)                Turns: 1360, Time: 00:03:00

Health: -6/42      AC:  4    Str: 19    XL:     4   Next: 10%
Magic:  5/5        EV: 10    Int: 11    God:    Yredelemnul [......]
Gold:   69         SH:  0    Dex:  9    Spells: 5/5 levels left

rFire   . . .      SeeInvis .     - Unarmed
rCold   . . .      Faith    .   (no shield)
rNeg    . . .      Spirit   .   a - +0 robe
rPois   .          Reflect  .   (helmet restricted)
rElec   .          Harm     +   e - scarf {harm}
rCorr   .          Rampage  .   (gloves unavailable)
Will    .....                   (boots unavailable)
Stlth   +.........              (no amulet)
HPRegen 0.94/turn               (no ring)
MPRegen 0.09/turn               (no ring)

@: no status effects
A: large, unfitting armour, claws 3, regeneration 1, shaggy fur 1, tough skin 1
a: Renounce Religion, Recall Undead Harvest


You were on level 3 of the Dungeon.
You worshipped Yredelemnul.
Yredelemnul was noncommittal.
You visited 1 branch of the dungeon, and saw 3 of its levels.

You collected 69 gold pieces.

Inventory:

Hand Weapons
 k - a +3 quarterstaff of chaos
Missiles
 c - 5 boomerangs of dispersal (quivered)
Armour
 a - a +0 robe (worn)
 e - a scarf of harm (worn)
 l - a +0 cloak
Jewellery
 i - an amulet of faith
Wands
 j - a wand of digging (8)
Scrolls
 b - a scroll of blinking
 f - a scroll of identify {unknown}
 g - a scroll of teleportation {unknown}
 m - a scroll of summoning {unknown}
Potions
 d - a potion of brilliance {unknown}
 h - a potion of haste {unknown}


   Skills:
 + Level 1.9 Fighting
 - Level 0.8 Throwing
 * Level 2.6 Dodging
 * Level 2.9 Unarmed Combat
 + Level 1.4 Spellcasting
 + Level 2.4 Translocations


You had 5 spell levels left.
You didn't know any spells.
Your spell library contained the following spells:

 Spells                   Type           Power      Damage    Failure   Level
 Blink                    Tloc           12%        N/A       17%         2
 Magic Dart               Conj           0%         1d3       30%         1
 Sandblast                Erth           0%         2d4       30%         1
 Slow                     Hex            0%         N/A       30%         1
 Gell's Gravitas          Tloc           6%         N/A       34%         3
 Lesser Beckoning         Tloc           6%         N/A       34%         3
 Teleport Other           Tloc           6%         N/A       34%         3
 Passwall                 Tmut/Erth      0%         N/A       43%         2
 Searing Ray              Conj           0%         2d4       43%         2
 Confusing Touch          Hex            0%         N/A       67%         3
 Stone Arrow              Conj/Erth      0%         3d7       67%         3
 Vampiric Draining        Necr           0%         2d6       67%         3
 Fulminant Prism          Conj/Hex       0%         3d6       97%         4
 Manifold Assault         Tloc           6%         N/A       97%         5


Dungeon Overview and Level Annotations

Branches:
Dungeon (3/15)

Altars:
Yredelemnul

Shops:
D:1 *


Innate Abilities, Weirdness & Mutations

You are too large for most types of armour.
You have claws for hands.
Your natural rate of healing is unusually fast.
You are covered in fur. (AC +1)
You have tough skin. (AC +1)


Message History

You are too injured to fight recklessly!
You are too injured to fight recklessly!
You are too injured to fight recklessly!
You are too injured to fight recklessly!
You are too injured to fight recklessly!
You are too injured to fight recklessly!
You are too injured to fight recklessly!
You are too injured to fight recklessly!
You are too injured to fight recklessly!
You are too injured to fight recklessly!
You are too injured to fight recklessly!
You are too injured to fight recklessly!
You are too injured to fight recklessly!
Unknown command.
You are too injured to fight recklessly!
You are too injured to fight recklessly!
You are too injured to fight recklessly!
You are too injured to fight recklessly!
You are too injured to fight recklessly!
You are too injured to fight recklessly!
You are too injured to fight recklessly!
You are too injured to fight recklessly!
You are too injured to fight recklessly!
You are too injured to fight recklessly!
You are too injured to fight recklessly!
You are too injured to fight recklessly!
You are too injured to fight recklessly!
You closely miss the gnoll.
The gnoll is lightly wounded.
The gnoll hits you from afar with a +0 spear!
* * * LOW HITPOINT WARNING * * *
The gnoll hits you with a +0 spear.
* * * LOW HITPOINT WARNING * * *
You claw the gnoll!
You kill the gnoll!
The gnoll hits you with a +0 spear.
* * * LOW HITPOINT WARNING * * *
The gnoll hits you from afar with a +0 spear!
You die...
Your body rises from the dead as a mindless zombie.

####.#.........
^..............
#.#.#..g......
...............
.........g.....
##.##..g.......
....>...)......
##....g@Z......
.....$........#
...............
.#.##...#.#.#.#
...##.#...#.# .
. ...#...#.#
...##.#...#.#
............#
.....###....#


You could see 2 gnolls, a hobgoblin, a goblin and a friendly rat zombie.

Vanquished Creatures
  Crazy Yiuf (D:2)
  An adder (D:2)
  A gnoll (D:3)
  5 ball pythons
  2 bats
  3 endoplasms
  4 goblins
  A hobgoblin (D:2)
  6 jackals (D:2)
  2 kobolds
  2 quokkas
  8 rats
36 creatures vanquished.

Vanquished Creatures (collateral kills)
  A rat (D:2)
1 creature vanquished.

Grand Total: 37 creatures vanquished

Notes
Turn   | Place    | Note
-------+----------+-------------------------------------------
     0 | D:1      | Descartes the Troll Warper began the quest for the Orb.
     0 | D:1      | Reached XP level 1. HP: 19/19 MP: 1/1
    60 | D:1      | Found a faded altar of an unknown god.
   190 | D:1      | Found Vicvena's Assorted Antiques.
   321 | D:1      | Prayed at the altar of an unknown god.
   321 | D:1      | Became a worshipper of Yredelemnul the Dark
   321 | D:1      | Reached * piety under Yredelemnul
   379 | D:1      | Reached XP level 2. HP: 20/27 MP: 2/2
   851 | D:2      | Reached XP level 3. HP: 35/35 MP: 4/4
  1125 | D:2      | Found a runed translucent door.
  1137 | D:2      | Reached ** piety under Yredelemnul
  1147 | D:2      | Noticed Crazy Yiuf
  1155 | D:2      | Killed Crazy Yiuf
  1156 | D:2      | Reached XP level 4. HP: 32/42 MP: 5/5
  1360 | D:3      | HP: 2/42 [gnoll (7)]
  1360 | D:3      | Mangled by a gnoll

Illustrated notes

Levels and vault maps discovered:
D:1:      saegor_arrival_under_anarchy, layout_basic, serial_shops,
          nicolae_shop_advertising_works [nicolae_subvault_shop_adworks],
          shapermc_ecumenical_altar_mp_highgroup
D:2:      layout_loops_corners, uniq_crazy_yiuf_cottage
D:3:      layout_basic, uniq_robin

Skill      XL: |  1 |
---------------+----+-----
Dodging        | 2 |  2.6
Fighting       | |  1.9
Throwing       | |  0.8
Unarmed Combat | |  2.9
Spellcasting   | |  1.4
Translocations | |  2.4

Action                   |  1- 3 |  4- 6 || total
-------------------------+-------+-------++-------
Melee: Unarmed           |    56 |     7 ||    63
Armor: Robe              |    20 |       ||    20
Dodge: Dodged            |    26 |     1 ||    27
